 Dungeon Crawl Stone Soup version 0.27-a0-1154-gfdeffcb720 (webtiles) character file.

Game seed: 8539932614279003272

108 Ijustatesigmund the Chopper (level 4, -1/41 HPs)
             Began as a Hill Orc Fighter on May 14, 2021.
             Slain by a gnoll
             ... wielding a +0 halberd
              (8 damage)
             ... on level 2 of the Dungeon.
             The game lasted 00:01:40 (1106 turns).

Ijustatesigmund the Chopper (Hill Orc Fighter)      Turns: 1106, Time: 00:01:40

Health: -1/41      AC:  9    Str: 18    XL:     4   Next: 87%
Magic:  4/4        EV:  2    Int:  8    God:
Gold:   15         SH:  0    Dex: 11    Spells: 3/3 levels left

rFire    . . .     SeeInvis .   a - +0 war axe
rCold    . . .     Faith    .   c - +0 kite shield
rNeg     + . .     Spirit   .   b - +0 chain mail {rN+}
rPois    .         Reflect  .   (no helmet)
rElec    .         Harm     .   (no cloak)
rCorr    .         Rampage  .   (no gloves)
Will     .....                  (no boots)
Stlth    ..........             (no amulet)
HPRegen  0.13/turn              (no ring)
MPRegen  0.09/turn              (no ring)

@: held
A: no striking features
a: no special abilities


You were on level 2 of the Dungeon.
You visited 1 branch of the dungeon, and saw 2 of its levels.

You collected 15 gold pieces.

Inventory:

Hand Weapons
 a - a +0 war axe (weapon)
 k - a +3 flail of protection
Armour
 b - a +0 chain mail of positive energy (worn)
 c - a +0 kite shield (worn)
Scrolls
 g - a scroll of identify {unknown}
 h - a scroll of magic mapping {unknown}
Potions
 d - a potion of might
 e - 3 potions of flight {unknown}
 f - a potion of haste
 i - a potion of brilliance {unknown}
 j - a potion of berserk rage {unknown}


   Skills:
 + Level 4.7 Fighting
 * Level 5.5 Axes
 - Level 3.2 Armour
 - Level 3.2 Shields


You had 3 spell levels left.
You didn't know any spells.
Your spell library was empty.

Dungeon Overview and Level Annotations

Branches:
Dungeon (2/15)

Altars:


Message History

You slash the gnoll!
You kill the gnoll!
The gnoll barely misses you.
You barely miss the gnoll. The gnoll completely misses you.
You block the gnoll's attack. The gnoll hits you with a +0 flail.
You slash the gnoll!
The gnoll is severely wounded.
You block the gnoll's attack. The gnoll hits you with a +0 flail.
The gnoll hits you from afar with a +0 halberd!
You slash the gnoll!
You kill the gnoll!
The gnoll throws a throwing net.
The throwing net hits you.
You become entangled in the net!
The gnoll barely misses you.
You are held in a net!
You are held in a net!
You are held in a net!
You are held in a net!
You are held in a net!
You are held in a net!
You are held in a net!
You are held in a net!
You are held in a net!
You are held in a net!
You are held in a net!
You are held in a net!
You are held in a net!
You are held in a net!
You struggle against the net.
The gnoll hits you from afar with a +0 halberd!
* * * LOW HITPOINT WARNING * * *
The gnoll hits you but does no damage.
You struggle against the net.
The gnoll hits you from afar with a +0 halberd.
* * * LOW HITPOINT WARNING * * *
The gnoll completely misses you.
You struggle against the net.
The gnoll completely misses you. The gnoll hits you but does no damage.
You struggle against the net.
The gnoll hits you from afar with a +0 halberd!
You die...

.. #.#..........#
...#####.#..........#
...............÷....#
#....†........<....#
##.....##..........#
.....##.##..[..)....#
#### #.##..<.......#
#.############# #@#
#g# $.g ..... ..>....
......... ###########


You could see 2 gnolls.

Vanquished Creatures
  Terence (D:2)
  4 gnolls
  An adder (D:1)
  An endoplasm (D:1)
  3 giant cockroaches (D:1)
  4 goblins (D:1)
  3 hobgoblins (D:1)
  4 jackals (D:1)
  4 kobolds (D:1)
  3 quokkas (D:1)
  3 ball pythons (D:1)
  3 bats
  A frilled lizard (D:1)
  3 rats
38 creatures vanquished.

Notes
Turn   | Place    | Note
-------+----------+-------------------------------------------
     0 | D:1      | Ijustatesigmund the Hill Orc Fighter began the quest for
                  | the Orb.
     0 | D:1      | Reached XP level 1. HP: 19/19 MP: 1/1
    10 | D:1      | Reached skill level 3 in Axes
    13 | D:1      | Reached XP level 2. HP: 24/27 MP: 2/2
   320 | D:1      | Reached skill level 4 in Axes
   320 | D:1      | Reached XP level 3. HP: 18/33 MP: 3/3
   767 | D:2      | Noticed Terence
   783 | D:1      | Reached XP level 4. HP: 10/41 MP: 4/4
  1031 | D:2      | Killed Terence
  1032 | D:2      | Reached skill level 5 in Axes
  1106 | D:2      | Slain by a gnoll

Illustrated notes

Levels and vault maps discovered:
D:1:      dpeg_arrival_lava_temple_mockup, layout_rooms,
          kennysheep_pointless_box, minmay_tetromino_o4
D:2:      layout_rooms, basic_altar, uniq_terence

Skill      XL: |  1  2  3  4 |
---------------+-------------+-----
Axes           | 3 4 5 |  5.5
Fighting       | 4 |  4.7
Armour         | |  3.2
Shields        | |  3.2

Action                   |  1- 3 |  4- 6 || total
-------------------------+-------+-------++-------
Melee: War axe           |    72 |     9 ||    81
  Use: Potion            |     1 |       ||     1
Armor: Scale mail        |    20 |       ||    20
       Chain mail        |    35 |     5 ||    40
Dodge: Dodged            |    37 |     5 ||    42
Block: Kite shield       |    45 |     5 ||    50

Table legend: (Time is in decaauts)
 A = Elapsed time spent in this place.
 B = Non-inter-level travel time spent in this place.
 C = Inter-level travel time spent in this place.
 D = Time resting spent in this place.
 E = Time spent auto-exploring this place.
 F = Levels seen in this place.
 G = Mean time per level.
                   A        B        C        D        E       F      G
               +--------+--------+--------+--------+--------+-----+--------+
         Total |   1134 |   1134 |      0 |    354 |    570 |   2 |  567.0 |
       Dungeon |   1134 |   1134 |      0 |    354 |    570 |   2 |  567.0 |
               +--------+--------+--------+--------+--------+-----+--------+

Top non-repeatable levels by time:
     D:1: 1039 daAuts
     D:2: 95 daAuts
